 Dungeon Crawl Stone Soup version 0.28-a0-32-g8dfe7f97f6 (webtiles) character file.

Game seed: 12328615234470553593

618 zazu2006 the Sneak (level 7, -4/57 HPs)
             Began as a Naga Hedge Wizard on July 27, 2021.
             Slain by a gnoll sergeant (11 damage)
             ... on level 4 of the Dungeon.
             The game lasted 00:12:10 (6689 turns).

zazu2006 the Sneak (Naga Hedge Wizard)              Turns: 6689, Time: 00:12:11

Health: -4/57      AC:  6    Str: 13    XL:     7   Next: 45%
Magic:  1/14       EV:  9    Int: 16    God:
Gold:   107        SH:  0    Dex: 10    Spells: 6/15 levels left

rFire   . . .      SeeInvis +   r - +1 dagger (venom)
rCold   . . .      Faith    .   (no shield)
rNeg    . . .      Spirit   .   k - +0 leather armour
rPois   +          Reflect  .   a - +0 helmet
rElec   .          Harm     .   m - +0 cloak
rCorr   .          Rampage  .   (no gloves)
Will    .....                   (no barding)
Stlth   ++........              (no amulet)
HPRegen 0.19/turn               e - ring of flight
MPRegen 0.14/turn               (no ring)

@: flying, very slightly contaminated, very slow
A: AC +2, large, see invisible, deformed body, poison resistance, slowness 2,
spit poison 1, naga tail 1
a: Spit Poison


You were on level 4 of the Dungeon.
You visited 1 branch of the dungeon, and saw 4 of its levels.

You collected 107 gold pieces.

Inventory:

Hand Weapons
 c - a +0 falchion of holy wrath
 g - a +2 dagger of freezing
 r - a +1 dagger of venom (weapon)
Missiles
 t - 2 throwing nets
Armour
 a - a +0 helmet (worn)
 k - a +0 leather armour (worn)
 m - a +0 cloak (worn)
Jewellery
 e - a ring of flight (left hand)
 s - the amulet of Vitality {Regen+ HP+15}
   (You took it off a gnoll on level 4 of the Dungeon)

   [amulet of regeneration]

   HP:        It affects your health (+15).
   Regen:     It increases your rate of health regeneration.
Wands
 l - a wand of digging (6)
Scrolls
 b - a scroll of torment {unknown}
 h - 6 scrolls of identify {unknown}
 o - a scroll of noise {unknown}
Potions
 d - a potion of mutation {unknown}
 i - 2 potions of lignification {unknown}
 j - a potion of curing
 n - a potion of brilliance {unknown}
 p - a potion of berserk rage {unknown}
 q - a potion of magic {unknown}


   Skills:
 + Level 1.2 Fighting
 + Level 1.9 Armour
 + Level 2.8 Dodging
 + Level 5.0 Stealth
 + Level 4.9 Spellcasting
 + Level 3.6 Conjurations
 + Level 1.0 Summonings
 + Level 1.1 Translocations
 + Level 0.4 Air Magic
 + Level 1.7 Poison Magic


You had 6 spell levels left.
You knew the following spells:

 Your Spells              Type           Power      Damage    Failure   Level
a - Magic Dart            Conj           60%        1d6       4%          1
b - Mephitic Cloud        Conj/Pois/Air  10%        N/A       26%         3
c - Conjure Flame         Conj/Fire      9%         6-21      28%         3
d - Blink                 Tloc           N/A        N/A       19%         2

Your spell library contained the following spells:

 Spells                   Type           Power      Damage    Failure   Level
 Summon Small Mammal      Summ           28%        N/A       13%         1
 Call Imp                 Summ           7%         N/A       21%         2
 Slow                     Hex            3%         N/A       30%         2
 Sublimation of Blood     Necr           1%         N/A       30%         2
 Call Canine Familiar     Summ           7%         N/A       36%         3
 Summon Guardian Golem    Hex/Summ       5%         N/A       43%         3
 Tukima's Dance           Hex            3%         N/A       52%         3
 Passage of Golubria      Tloc           N/A        N/A       77%         4
 Petrify                  Tmut/Erth      3%         N/A       89%         4
 Irradiate                Conj/Tmut      4%         3d14      95%         5
 Yara's Violent Unravell  Hex/Tmut       1%         3d3       99%         5


Dungeon Overview and Level Annotations

Branches:
Dungeon (4/15)
 Temple: D:4-7

Altars:

Annotations:
D:1 1 runed translucent door


Innate Abilities, Weirdness & Mutations

Your serpentine skin is tough. (AC +2)
You have supernaturally acute eyesight. (SInv)
Armour fits poorly on your strangely shaped body.
Your system is resistant to poisons. (rPois)
You cover ground very slowly.
You can spit poison.
You have a snake-like lower body.


Message History

The bullfrog is engulfed in noxious fumes.
You kill the bullfrog!
The orc throws a boomerang of dispersal.
The boomerang of dispersal hits you.
* * * LOW HITPOINT WARNING * * *
You blink.
Your Stealth skill increases to level 5!
The orc is engulfed in noxious fumes.
The orc appears confused.
The gnoll sergeant shouts!
The gnoll hits you with a +0 club.
* * * LOW HITPOINT WARNING * * *
Casting: Mephitic Cloud (dangerous; 26% risk of failure)
Confirm with . or Enter, or press ? or * to list all spells.
Aiming: Mephitic Cloud (dangerous; 26% risk of failure)
Press: ? - help, Shift-Dir - straight line, f - gnoll sergeant
Aim: a gnoll sergeant, wielding a +1 trident of freezing and wearing a +0 scale mail (chance to affect: 81%)
You miscast Mephitic Cloud.
Nothing appears to happen.
The gnoll hits you with a +0 club.
* * * LOW HITPOINT WARNING * * *
Unknown command.
Okay, then.
Okay, then.
It was a potion of curing.
You feel better. The gnoll hits you but does no damage.
Okay, then.
As you read the scroll labelled FUREIN FUOPT, it crumbles to dust.
It is a scroll of brand weapon.
Your +2 dagger of protection is covered with a thin layer of ice!
g - a +2 dagger of freezing The gnoll closely misses you.
The gnoll sergeant hits you from afar with a +1 trident of freezing.
* * * LOW HITPOINT WARNING * * *
The gnoll sergeant freezes you.
* * * LOW HITPOINT WARNING * * *
The gnoll hits you with a +0 club.
* * * LOW HITPOINT WARNING * * *
The gnoll hits you with a +0 club.
* * * LOW HITPOINT WARNING * * *
The gnoll sergeant hits you from afar with a +1 trident of freezing!
You die...

.).)........................P....
########.!.##..####.#...###......
#..)##.## #####.##.......
###..##..# ##..##.#....
##....##..#######...##.#....
#.......#....(.###...#.##.).
.....##....#......# ##....##...
..##.#..........#.# #.#.###... .
......)....@##.# #..####..#
...........g.#..####....##..#
.............g.#).#...#..##..#
#######..#.....##.)...#.......
...........)#.######....##
##.......#.....######..##.
.....#..###.#..)#.##....#.
#...###.....##............ ...
#.##.###.......##...


You could see a gnoll sergeant and a gnoll.

Vanquished Creatures
  A bullfrog (D:4)
  A scorpion (D:4)
  A howler monkey (D:4)
  A hound (D:4)
  An iguana (D:4)
  An orc wizard (D:2)
  Robin (D:2)
  15 gnolls
  7 adders
  An ufetubus (D:3)
  An adder skeleton (D:4)
  2 worms (D:2)
  A dart slug (D:1)
  15 orcs
  10 endoplasms
  3 giant cockroaches
  20 goblins
  10 hobgoblins
  19 jackals
  4 kobolds
  5 quokkas
  7 ball pythons
  5 bats
  5 frilled lizards
  6 rats
143 creatures vanquished.

Vanquished Creatures (others)
  A plant (D:4)
1 creature vanquished.

Grand Total: 144 creatures vanquished

Notes
Turn   | Place    | Note
-------+----------+-------------------------------------------
     0 | D:1      | zazu2006 the Naga Hedge Wizard began the quest for the Orb.
     0 | D:1      | Reached XP level 1. HP: 15/15 MP: 4/4
     0 | D:1      | Noticed a jelly
     1 | D:1      | Found a runed translucent door.
   425 | D:1      | Reached XP level 2. HP: 22/22 MP: 4/6
  1054 | D:1      | Reached XP level 3. HP: 28/28 MP: 7/7
  1665 | D:2      | Noticed Robin
  2011 | D:2      | Killed Robin
  2227 | D:2      | Reached XP level 4. HP: 32/36 MP: 7/9
  2773 | D:2      | Reached skill level 4 in Stealth
  3428 | D:2      | Reached XP level 5. HP: 27/43 MP: 5/11
  3441 | D:2      | Learned a level 3 spell: Mephitic Cloud
  3445 | D:2      | Learned a level 3 spell: Conjure Flame
  3448 | D:2      | Learned a level 2 spell: Blink
  3582 | D:2      | Found a faded altar of an unknown god.
  5114 | D:4      | Noticed an orc warrior
  5116 | D:4      | Reached XP level 6. HP: 50/50 MP: 8/12
  5141 | D:4      | Reached skill level 1 in Poison Magic
  5565 | D:4      | Reached skill level 1 in Armour
  6270 | D:4      | Reached XP level 7. HP: 45/56 MP: 5/14
  6360 | D:4      | Reached skill level 1 in Fighting
  6681 | D:4      | Reached skill level 5 in Stealth
  6689 | D:4      | Slain by a gnoll sergeant

Illustrated notes

Levels and vault maps discovered:
D:1:      dpeg_arrival_caged_fury, layout_loops_ring, minmay_tree_intersection,
          grunt_decor_clamped
D:2:      layout_loops_corners, hellmonk_ecumenical_altar_pennies_from_heaven,
          minmay_vboxes, uniq_robin
D:3:      layout_loops_ring
D:4:      lemuel_castle_with_subvaults [lemuel_castle_interior_original],
          layout_cave_pools, grunt_temple_overflow_diamond,
          minmay_misc_feat_more_columns, minmay_manual_mess

Skill      XL: |  1  2  3  4  5  6  7 |
---------------+----------------------+-----
Dodging        | 2 |  2.8
Stealth        | 4 5 |  5.0
Conjurations   | 2 3 |  3.6
Spellcasting   | 4 |  4.9
Poison Magic   | 1 |  1.7
Armour         | 1 |  1.9
Fighting       | 1 |  1.2
Summonings     | |  1.0
Translocations | |  1.1
Air Magic      | |  0.4

Action                   |  1- 3 |  4- 6 |  7- 9 || total
-------------------------+-------+-------+-------++-------
Melee: Dagger            |    30 |   143 |    33 ||   206
 Cast: Magic Dart        |    81 |   168 |    21 ||   270
       Mephitic Cloud    |       |     7 |     7 ||    14
       Blink             |       |     2 |       ||     2
 Abil: Spit Poison       |    15 |    19 |       ||    34
  Use: Scroll            |       |       |     1 ||     1
       Potion            |       |       |     1 ||     1
 Stab: Sleeping          |     1 |     3 |       ||     4
       Confused          |       |       |     2 ||     2
Armor: Robe              |    11 |    16 |       ||    27
       Leather armour    |       |    70 |    13 ||    83
Dodge: Dodged            |    23 |   122 |    21 ||   166

Table legend: (Time is in decaauts)
 A = Elapsed time spent in this place.
 B = Non-inter-level travel time spent in this place.
 C = Inter-level travel time spent in this place.
 D = Time resting spent in this place.
 E = Time spent auto-exploring this place.
 F = Levels seen in this place.
 G = Mean time per level.
                   A        B        C        D        E       F      G
               +--------+--------+--------+--------+--------+-----+--------+
         Total |   7675 |   7612 |     63 |    870 |   5403 |   4 | 1918.8 |
       Dungeon |   7675 |   7612 |     63 |    870 |   5403 |   4 | 1918.8 |
               +--------+--------+--------+--------+--------+-----+--------+

Top non-repeatable levels by time:
     D:2: 2405 daAuts
     D:1: 2166 daAuts
     D:4: 1827 daAuts
     D:3: 1274 daAuts
